AoeStats
← Ryzeres

Arena

509342181Analyzed
4v4 RM · 7d ago on Sep 26, 2026· 42m 55s· 8 players
Game mode
Random Map
Map size
Large (8 player)
Population
200
Speed
Normal
Resources
Standard
Victory
Conquest
Starting age
Dark Age
Ending age
Imperial Age
RankedLock teamsTeams togetherTeam positionsShared explorationLock speedFull tech treeHidden civsTurbo modeCheats
Victory
Defeat
🇨🇳 Spanish · China
1445
+11
🇨🇳 Saxons · China
1347
+20
1326
+15
🇦🇷 Franks · Argentina
1126
+24
🇦🇷 Britons · Argentina
1341
-17
🇩🇪 Varangians · Germany
1326
-17
🇮🇳 Goths · India
1299
-15
🇺🇸 Saxons · United States
1276
-15
Øa10ŚūnyaØx
10:48 Feudal Age
11:36 Double-Bit Axe
16:28 Castle Age
15:43 Stone Mining
15:57 Horse Collar
16:10 Gold Mining
20:04 Fletching
20:47 Loom
22:09 Wheelbarrow
25:39 Hand Cart
26:44 Bow Saw
31:22 Imperial Age
29:15 Heavy Plow
29:16 Pikeman
29:56 Squires
30:49 Scale Mail Armor
30:59 Forging
30:45 Bodkin Arrow
31:35 Anarchy
32:39 Conscription
33:01 Man-at-Arms
33:40 Long Swordsman
34:32 Bracer
34:48 Chain Mail Armor
36:06 Two-Handed Swordsman
BocaJuniorsElMasGrande
5:14 Loom
7:22 Loom
7:50 Loom
10:50 Feudal Age
14:38 Castle Age
12:45 Double-Bit Axe
12:54 Horse Collar
13:12 Loom
16:28 Bow Saw
16:09 Fletching
19:33 Ballistics
20:42 Bodkin Arrow
24:16 Padded Archer Armor
26:48 Heavy Plow
31:37 Gold Mining
31:39 Stone Mining
32:05 Leather Archer Armor
34:51 Wheelbarrow
34:02 Town Watch
35:25 Scale Mail Armor
35:35 Forging
35:51 Pikeman
36:18 Gambesons
36:53 Chain Mail Armor
36:56 Masonry
38:03 Iron Casting
Ryzeres
10:25 Feudal Age
15:03 Castle Age
13:29 Horse Collar
14:19 Double-Bit Axe
16:19 Bow Saw
17:27 Heavy Plow
22:42 Wheelbarrow
21:53 Loom
24:09 Town Watch
24:54 Hand Cart
24:33 Stone Mining
24:34 Gold Mining
24:38 Stone Mining
27:33 Stone Shaft Mining
27:31 Scale Barding Armor
27:38 Forging
27:41 Bloodlines
27:31 Husbandry
26:55 Light Cavalry
32:44 Imperial Age
30:37 Chain Barding Armor
31:39 Iron Casting
31:15 Treadmill Crane
32:37 Fletching
33:50 Conscription
33:03 Elite Jarl
34:28 Plate Barding Armor
35:21 Blast Furnace
36:19 Ballistics
36:09 Masonry
37:00 Chemistry
37:11 Coinage
36:52 Guilds
37:55 Crop Rotation
37:44 Hussar
39:14 Banking
39:16 Architecture
38:42 Murder Holes
39:16 Bodkin Arrow
Re_b_s
11:33 Feudal Age
12:31 Loom
15:44 Castle Age
14:22 Double-Bit Axe
14:20 Horse Collar
15:05 Fletching
25:59 Bodkin Arrow
31:26 Imperial Age
29:50 Bow Saw
29:43 Heavy Plow
31:13 Wheelbarrow
30:54 Forging
30:45 Scale Mail Armor
32:02 Town Watch
32:58 Iron Casting
32:39 Chain Mail Armor
32:25 Bracer
34:48 Shield Wall
35:39 Pikeman
36:21 Halberdier
38:00 Plate Mail Armor
37:38 Squires
qw75985
10:16 Feudal Age
11:11 Double-Bit Axe
11:41 Horse Collar
14:29 Castle Age
15:28 Bow Saw
16:21 Wheelbarrow
22:14 Hand Cart
23:26 Gold Mining
23:38 Heavy Plow
27:33 Imperial Age
24:53 Loom
25:04 Town Watch
25:35 Scale Mail Armor
26:12 Forging
27:04 Gold Shaft Mining
26:37 Squires
26:23 Gambesons
26:56 Gambesons
26:57 Arson
27:56 Chain Mail Armor
28:16 Iron Casting
27:44 Elite Varangian Guard
27:49 Capped Ram
29:15 Conscription
28:30 Shield Wall
30:34 Plate Mail Armor
30:36 Siege Ram
32:01 Iron Casting
32:27 Guard Tower
32:28 Fletching
33:35 Ballistics
33:11 Bodkin Arrow
34:20 Keep
33:45 Stone Mining
33:57 Bracer
34:58 Chemistry
33:44 Arrowslits
34:23 Treadmill Crane
34:53 Masonry
34:26 Heavy Scorpion
35:34 Murder Holes
35:46 Siege Engineers
35:41 Murder Holes
38:54 Two-Man Saw
37:58 Pikeman
39:20 Coinage
39:56 Architecture
39:37 Fortified Wall
39:33 Caravan
soyoloveanno
10:54 Feudal Age
11:39 Horse Collar
14:30 Castle Age
12:43 Double-Bit Axe
15:33 Bow Saw
18:50 Loom
23:33 Fletching
35:47 Wheelbarrow
37:50 Hand Cart
38:10 Gold Mining
38:29 Heavy Plow
41:48 Imperial Age
39:48 Stone Mining
40:17 Scale Barding Armor
40:22 Forging
40:41 Bloodlines
40:31 Husbandry
40:47 Husbandry
42:15 Chain Barding Armor
42:31 Iron Casting
41:51 Cavalier
42:57 Conscription
CYJ8564
4:16 Loom
11:40 Feudal Age
15:16 Castle Age
13:28 Double-Bit Axe
16:56 Bow Saw
16:39 Gold Mining
26:35 Wheelbarrow
29:58 Imperial Age
28:07 Gold Shaft Mining
27:22 Stone Mining
27:45 Forging
28:10 Scale Barding Armor
28:55 Hand Cart
29:08 Husbandry
29:46 Iron Casting
30:50 Chain Barding Armor
30:07 Cavalier
31:49 Blast Furnace
32:29 Plate Barding Armor
33:07 Paladin
37:08 Chemistry
36:29 Ballistics
35:50 Treadmill Crane
39:08 Padded Archer Armor
38:58 Fletching
40:36 Conscription
40:28 Chivalry
豹豹是只大猫咪
10:03 Feudal Age
13:42 Castle Age
11:58 Double-Bit Axe
11:55 Horse Collar
20:25 Wheelbarrow
19:38 Loom
20:43 Heavy Plow
22:12 Bow Saw
23:00 Hand Cart
23:08 Stone Mining
24:03 Gold Mining
24:16 Town Watch
28:20 Imperial Age
26:05 Scale Barding Armor
26:10 Forging
27:51 Chain Barding Armor
27:12 Vendel Legacy
28:40 Iron Casting
28:46 Bloodlines
28:37 Husbandry
28:25 Cavalier
29:56 Plate Barding Armor
30:06 Guilds
30:30 Conscription
31:52 Blast Furnace
32:28 Light Cavalry
35:04 Hussar
37:33 Elite Jarl
Connection lost

Rejoining the realm…

Still unreachable

The connection could not be restored.

Session expired

The server has moved on; the page needs a fresh start.